AoeStats
← Welsh91Wizard

Nomad

508934450Analyzed
4v4 RM · 7d ago on Sep 24, 2026· 22m 43s· 8 players
Game mode
Random Map
Map size
231×231
Population
200
Speed
Normal
Resources
Standard
Victory
Conquest
Starting age
Dark Age
Ending age
Imperial Age
RankedLock teamsTeams togetherTeam positionsShared explorationLock speedFull tech treeHidden civsTurbo modeCheats
Victory
Defeat
🇮🇹 Varangians · Italy
1446
+11
🇦🇷 Celts · Argentina
1403
+12
🇩🇪 Danes · Germany
1390
+13
🇹🇷 Mongols · Türkiye
1358
+14
🇮🇹 Goths · Italy
1444
-17
🇬🇧 Malians · United Kingdom
1410
-16
🇨🇦 Japanese · Canada
1230
-9
🇩🇪 Dravidians · Germany
1205
-8
GdR_Charizard
5:51 Loom
14:00 Feudal Age
15:00 Fishing Lines
15:49 Bloodlines
17:12 Scale Barding Armor
21:21 Castle Age
21:21 Horse Collar
21:48 Stone Mining
22:41 Gold Mining
23:08 Double-Bit Axe
KhanShinnok
5:14 Loom
12:45 Feudal Age
13:06 Horse Collar
20:19 Scale Barding Armor
22:26 Castle Age
21:39 Bloodlines
viddie
4:41 Loom
13:18 Feudal Age
18:39 Castle Age
16:54 Double-Bit Axe
17:18 Fletching
18:45 Town Watch
19:35 Wheelbarrow
21:49 Bow Saw
22:58 Bodkin Arrow
ZarckNogh
10:13 Loom
12:25 Feudal Age
16:41 Castle Age
15:44 Horse Collar
17:25 Double-Bit Axe
21:43 Husbandry
22:16 Scale Barding Armor
NEXT_LEVER
12:58 Feudal Age
14:01 Double-Bit Axe
14:52 Fletching
22:13 Castle Age
20:00 Loom
Mr. Roboto
5:15 Loom
13:38 Feudal Age
15:31 Double-Bit Axe
19:21 Castle Age
18:23 Horse Collar
18:52 Fishing Lines
20:49 Bow Saw
tagliola23
4:50 Loom
14:05 Feudal Age
15:31 Town Watch
15:29 Fishing Lines
18:06 Castle Age
16:19 Gold Mining
16:53 Stone Mining
19:33 Double-Bit Axe
20:00 Scale Mail Armor
Welsh91Wizard
5:12 Loom
13:42 Feudal Age
23:12 Castle Age
21:18 Horse Collar
Connection lost

Rejoining the realm…

Still unreachable

The connection could not be restored.

Session expired

The server has moved on; the page needs a fresh start.